 Dungeon Crawl Stone Soup version 0.26-a0-478-g6c97825307 (webtiles) character file.

Game seed: 6623444837308025924

351 Infinimo the Firebug (level 6, -4/45 HPs)
             Began as a Hill Orc Fire Elementalist on Aug 1, 2020.
             Slain by a gnoll sergeant zombie
             ... wielding a +2 trident of venom
              (7 damage)
             ... on level 4 of the Dungeon.
             The game lasted 00:04:36 (4865 turns).

Infinimo the Firebug (Hill Orc Fire Elementalist)   Turns: 4865, Time: 00:04:36

Health: -4/45      AC:  4    Str: 11    XL:     6   Next: 61%
Magic:  4/9        EV: 12    Int: 17    God:
Gold:   150        SH:  0    Dex: 14    Spells: 5/10 levels left

rFire    . . .     SeeInvis .   (no weapon)
rCold    . . .     Faith    .   (no shield)
rNeg     . . .     Spirit   .   a - +0 robe
rPois    .         Reflect  .   (no helmet)
rElec    .         Harm     .   (no cloak)
rCorr    .                      (no gloves)
MR       .....                  q - +1 pair of boots "Juastruy" {Dex+3}
Stlth    ++........             (no amulet)
HPRegen  0.15/turn              (no ring)
MPRegen  0.11/turn              (no ring)

@: lethally poisoned (-4 -> -16)
A: no striking features
a: no special abilities


You were on level 4 of the Dungeon.
You visited 1 branch of the dungeon, and saw 4 of its levels.

You collected 150 gold pieces.

Inventory:

Armour
 a - a +0 robe (worn)
 q - the +1 pair of boots "Juastruy" (worn) {Dex+3}
   (You found it on level 4 of the Dungeon)

   It affects your dexterity (+3).
Jewellery
 l - an uncursed amulet of regeneration {unknown}
Wands
 o - a wand of iceblast (7)
Scrolls
 d - a scroll of immolation {unknown}
 j - 2 scrolls of remove curse
 k - a scroll of magic mapping
 p - 2 scrolls of identify
 r - a scroll of fog {unknown}
Potions
 c - 2 potions of mutation {unknown}
 e - 4 potions of curing
 f - a potion of ambrosia {unknown}
 g - a potion of cancellation
 h - a potion of degeneration {unknown}
 i - a potion of lignification {unknown}
 m - a potion of magic {unknown}
 n - a potion of stabbing {unknown}
 s - 2 potions of resistance


   Skills:
 - Level 1.5 Dodging
 - Level 1.5 Stealth
 + Level 2.6 Spellcasting
 * Level 4.1 Conjurations
 * Level 5.6 Fire Magic


You had 5 spell levels left.
You knew the following spells:

 Your Spells              Type           Power        Failure   Level
a - Foxfire               Conj/Fire      ###.         2%          1
b - Sticky Flame          Conj/Fire      ###.....     24%         4

Your spell library contained the following spells:

 Spells                   Type           Power        Failure   Level
 Conjure Flame            Conj/Fire      ###.....     8%          3
 Inner Flame              Hex/Fire       ##......     17%         3
 Fireball                 Conj/Fire      ###.......   56%         5


Dungeon Overview and Level Annotations

Branches:
Dungeon (4/15)
 Temple: D:4-7

Altars:
Gozag
Qazlal
Uskayaw

Annotations:
D:4 1 transporter


Message History

Casting: Foxfire (safe; 2% risk of failure)
Confirm with . or Enter, or press ? or * to list all spells.
You conjure some foxfire!
You feel sick.
The gnoll sergeant zombie hits you from afar with a +2 trident of venom!
You are lethally poisoned!
You feel sick.
The foxfire hits the gnoll sergeant zombie. x2
The gnoll sergeant zombie hits you from afar with a +2 trident of venom!
* * * LOW HITPOINT WARNING * * *
Casting: Foxfire (safe; 2% risk of failure)
Confirm with . or Enter, or press ? or * to list all spells.
You conjure some foxfire!
* * * LOW HITPOINT WARNING * * *
You feel sick.
* * * LOW HITPOINT WARNING * * *
You feel sick.
The foxfire hits the gnoll sergeant zombie.
The foxfire hits the gnoll sergeant zombie!
The gnoll sergeant zombie hits you from afar with a +2 trident of venom!
You die...

### #.##.##.###.###....# ..#
#^##.##.# #.# ####.# #.#
#.##.##.# #.# #.# #.## #.##.##.#
#.# ##############
<..###.##.##########○°○☼°#.......
....##.##(..#°○°☼○°#.○°°○##.#####
....##.######☼○☼○☼°#○°○○°##..#
....##.###..#○°#§#.○○°.$[#...#
...###.##..©#☼○©@)Z°°°.$©#©..#
#.## #......#☼☼#§#.○°°.$$#..##
#.# #..##..#○○°°°○#○○○○○#### #.#
#..#####☼○☼○○○#.°☼☼.# #.#
#..############°☼.°.# ..#
#......# ####### ..# #...##.# .##
#...##.## ## #...#...##########
##


You could see a gnoll sergeant zombie.

Vanquished Creatures
  2 howler monkeys (D:4)
  A bullfrog skeleton (D:3)
  3 worker ants
  6 gnolls
  3 adders
  An orc zombie (D:4)
  An ooze (D:2)
  An adder skeleton (D:4)
  2 dart slugs
  3 worms (D:2)
  2 leopard geckos
  A ball python (D:1)
  4 bats
  6 giant cockroaches
  7 goblins
  2 hobgoblins
  8 jackals (D:4)
  7 kobolds
  4 quokkas
  5 frilled lizards
  A quokka skeleton (D:4)
  8 rats
78 creatures vanquished.

Vanquished Creatures (others)
  390 foxfires
390 creatures vanquished.

Grand Total: 468 creatures vanquished

Notes
Turn   | Place    | Note
-------+----------+-------------------------------------------
     0 | D:1      | Infinimo the Hill Orc Fire Elementalist began the quest for
                  | the Orb.
     0 | D:1      | Reached XP level 1. HP: 14/14 MP: 3/3
    69 | D:1      | Reached XP level 2. HP: 20/20 MP: 0/4
   990 | D:2      | Reached XP level 3. HP: 20/26 MP: 0/5
  1353 | D:2      | Reached skill level 4 in Fire Magic
  1646 | D:2      | Reached XP level 4. HP: 33/33 MP: 2/7
  2475 | D:2      | Learned a level 4 spell: Sticky Flame
  2673 | D:3      | Reached XP level 5. HP: 23/38 MP: 2/8
  3029 | D:3      | Found a hide-covered altar of Uskayaw.
  3121 | D:3      | Found a stormy altar of Qazlal.
  3121 | D:3      | Noticed an air elemental
  3129 | D:3      | Noticed a water elemental
  3132 | D:3      | Noticed a fire elemental
  3680 | D:4      | Reached skill level 5 in Fire Magic
  3881 | D:4      | Reached XP level 6. HP: 45/45 MP: 5/9
  3999 | D:4      | Found a transporter.
  4062 | D:4      | Got a pair of ancient boots
  4247 | D:4      | Found an opulent altar of Gozag.
  4661 | D:4      | Found a transporter.
  4841 | D:4      | Identified the +1 pair of boots "Juastruy" {Dex+3} (You
                  | found it on level 4 of the Dungeon)
  4865 | D:4      | Slain by a gnoll sergeant zombie

Illustrated notes

Levels and vault maps discovered:
D:1:      heliophobic_arrival_dark_side_of_the_moon, layout_basic
D:2:      layout_basic, minmay_hexomino_u4
D:3:      layout_rooms, lemuel_crystal_altar, nicolae_qazlal_style_of_elements
D:4:      gammafunk_cloud_chamber, layout_loops_ring,
          nicolae_gozag_cash_rules_everything_around_me

Skill      XL: |  1  2  3  4  5  6 |
---------------+-------------------+-----
Conjurations   | 2 3 4 |  4.1
Fire Magic     | 4 5 |  5.6
Spellcasting   | 2 |  2.6
Dodging        | |  1.5
Stealth        | |  1.5

Action                   |  1- 3 |  4- 6 || total
-------------------------+-------+-------++-------
Melee: Unarmed           |    14 |     2 ||    16
 Cast: Foxfire           |    79 |   148 ||   227
  Use: Scroll            |     2 |     4 ||     6
       Potion            |       |     3 ||     3
Armor: Robe              |     6 |    14 ||    20
Dodge: Dodged            |    17 |    58 ||    75

Table legend: (Time is in decaauts)
 A = Elapsed time spent in this place.
 B = Non-inter-level travel time spent in this place.
 C = Inter-level travel time spent in this place.
 D = Time resting spent in this place.
 E = Time spent auto-exploring this place.
 F = Levels seen in this place.
 G = Mean time per level.
                   A        B        C        D        E       F      G
               +--------+--------+--------+--------+--------+-----+--------+
         Total |   4869 |   4725 |    144 |     98 |   3814 |   4 | 1217.2 |
       Dungeon |   4869 |   4725 |    144 |     98 |   3814 |   4 | 1217.2 |
               +--------+--------+--------+--------+--------+-----+--------+

Top non-repeatable levels by time:
     D:4: 1451 daAuts
     D:2: 1329 daAuts
     D:1: 1152 daAuts
     D:3: 936 daAuts
